 Dungeon Crawl Stone Soup version 0.22.0-38-g04b72b8 (webtiles) character file.

32769 poirepourri the Peltast (level 13, 0/115 HPs)
             Began as a Deep Dwarf Fighter on Aug 29, 2018.
             Was an Elder of Makhleb.
             Slain by a dream sheep (24 damage)
             ... on level 6 of the Lair of Beasts.
             The game lasted 00:12:47 (11898 turns).

poirepourri the Peltast (Deep Dwarf Fighter)       Turns: 11898, Time: 00:12:48

Health: 0/115      AC: 15    Str: 22    XL:     13   Next: 33%
Magic:  7/7        EV: 16    Int: 16    God:    Makhleb [****..]
Gold:   685        SH:  0    Dex: 24    Spells: 12/12 levels left

rFire    + . .     SeeInvis .   o - +11 mace of the Several Runes {freeze, rF+}
rCold    . . .     Gourm    .   c - +1 shield
rNeg     . . .     Faith    .   B - +2 chain mail of the Blind Marksman {-Cast Regen+ Int-4 Dex+8}
rPois    +         Spirit   .   t - +2 hat {Int+3}
rElec    .         Reflect  .   d - +0 cloak {rPois}
rCorr    .         Harm     .   m - +0 pair of gloves
MR       +....     NoCast   +   (no boots)
Stlth    ..........             G - amulet of magic regeneration
HPRegen  0.00/turn              y - +3 ring of strength
MPRegen  0.35/turn              z - +6 ring of intelligence

@: sleeping, non-regenerating, drained
A: damage resistance, heal wounds, sense surroundings 2, no regeneration
a: Heal Wounds, Minor Destruction, Lesser Servant of Makhleb, Major Destruction,
Renounce Religion


You were on level 6 of the Lair of Beasts.
You worshipped Makhleb.
Makhleb was greatly pleased with you.
You were not hungry.

You visited 3 branches of the dungeon, and saw 16 of its levels.

You collected 904 gold pieces.
You spent 219 gold pieces at shops.

Inventory:

Hand Weapons
 a - a +0 war axe
 i - a +3 flail of crushing
 n - a +2 hand axe of freezing
 o - the +11 mace of the Several Runes (weapon) {freeze, rF+}
   (You found it on level 6 of the Dungeon)

   It has been specially enchanted to freeze those struck by it, causing extra
   injury to most foes and up to half again as much damage against particularly
   susceptible opponents.
   It can also slow down cold-blooded creatures.
   It protects you from fire.
 C - the +7 battleaxe of Beogh's Whim {venom, +Blink rPois Str-4 Dex+4, unknown}
   (You took it off an orc warrior on level 7 of the Dungeon)

   It poisons the flesh of those it strikes.
   It affects your strength (-4).
   It affects your dexterity (+4).
   It protects you from poison.
   It lets you blink.
Missiles
 f - 146 bolts
 k - 5 throwing nets (quivered)
 u - 4 silver javelins
Armour
 b - a +0 scale mail
 c - a +1 shield (worn)
 d - a +0 cloak of poison resistance (worn)
 m - a +0 pair of gloves (worn)
 t - a +2 hat of intelligence (worn)
 B - the +2 chain mail of the Blind Marksman (worn) {-Cast Regen+ Int-4 Dex+8}
   (You took it off an orc warrior on level 7 of the Dungeon)

   It affects your intelligence (-4).
   It affects your dexterity (+8).
   It prevents spellcasting.
   It increases your rate of regeneration.
 E - the +1 large shield of Optimism {MR++ Str-4, unknown}
   (You found it on level 9 of the Dungeon)

   It affects your strength (-4).
   It affects your resistance to hostile enchantments.
 S - the cursed +0 chain mail of Ara Luxt {rElec, unknown}
   (You found it on level 3 of the Lair of Beasts)

   It insulates you from electricity.
   It has a curse placed upon it.
Jewellery
 y - a +3 ring of strength (left hand)
 z - a +6 ring of intelligence (right hand)
 G - an amulet of magic regeneration (around neck)
 P - an uncursed ring of see invisible {unknown}
Wands
 w - a wand of random effects (14)
 x - a wand of flame (37)
 F - a wand of paralysis (34)
 I - a wand of polymorph (14)
 K - a wand of iceblast (15)
 O - a wand of digging (19)
Scrolls
 e - 7 scrolls of teleportation
 g - 6 scrolls of remove curse
 r - 3 scrolls of amnesia
 H - 2 scrolls of magic mapping
 Q - a scroll of fog
 U - a scroll of fear
Potions
 h - a potion of flight
 p - 4 potions of haste
 q - 2 potions of agility
 s - 3 potions of curing
 v - 4 potions of berserk rage
 A - a potion of mutation {unknown}
 D - 2 potions of brilliance {unknown}
 J - a potion of ambrosia {unknown}
 M - a potion of heal wounds
 N - a potion of invisibility {unknown}
 R - a potion of lignification {unknown}
 T - a potion of cancellation {unknown}
Miscellaneous
 j - a sack of spiders
Comestibles
 l - 25 rations


   Skills:
 - Level 7.3(6.5) Fighting
 - Level 10.3(10.9) Axes
 - Level 9.0(9.8) Maces & Flails
 + Level 3.5(2.7) Armour
 - Level 11.5(10.6) Dodging
 - Level 15.1(14.1) Shields


You had 12 spell levels left.
You didn't know any spells.
Your spell library contained the following spells:

 Spells                   Type           Power        Failure   Level  Hunger
 Beastly Appendage        Tmut           #.....       94%         1    ##.....
 Magic Dart               Conj           #...         94%         1    ##.....
 Blink                    Tloc           N/A          98%         2    ###....
 Call Imp                 Summ           #.......     98%         2    ###....
 Slow                     Hex            #.......     98%         2    ###....
 Sticks to Snakes         Tmut           #.......     98%         2    ###....
 Conjure Flame            Conj/Fire      #.......     100%        3    ####...
 Mephitic Cloud           Conj/Pois/Air  #.......     100%        3    ####...
 Spider Form              Tmut/Pois      #.........   100%        3    ####...
 Ice Form                 Ice/Tmut       #.......     100%        4    #####..
 Blade Hands              Tmut           #.........   100%        5    ######.


Dungeon Overview and Level Annotations

Branches:
Dungeon (9/15)             Temple (1/1) D:7            Lair (6/6) D:9
 Shoals (0/4) Lair:3        Snake (0/4) Lair:2        Slime (0/5) Lair:6
    Orc: D:9-12

Altars:
Ashenzari
Cheibriados
Dithmenos
Elyvilon
Fedhas
Gozag
Kikubaaqudgha
Makhleb
Nemelex Xobeh
Okawaru
Qazlal
Ru
Sif Muna
Trog
Uskayaw
Vehumet
Wu Jian
Xom
Yredelemnul
Zin
The Shining One
Beogh
Jiyva

Shops:
D:8 =


Innate Abilities, Weirdness & Mutations

You are resistant to damage.
You can heal yourself by infusing magical energy.
You passively map the area around you.
You do not regenerate.


Message History

You block the dream sheep's attack.
The dream sheep bites you but does no damage.
The dream sheep closely misses you.
You hit the black mamba.
The black mamba seems to slow down.
You freeze the black mamba.
The black mamba is moderately wounded.
You block the black mamba's attack. The komodo dragon barely misses you.
The dream sheep bites you but does no damage.
The dream sheep closely misses you. The dream sheep bites you.
You block the dream sheep's attack. x2
Unknown command.
Unknown command.
Your magical essence is drained by the effort!
You feel much better.
The black mamba is no longer moving slowly.
The black mamba bites you. The komodo dragon barely misses you.
The dream sheep shake their wool and sparkle.
You feel drowsy...
You fall asleep.
The dream sheep bites you!!
You die...

, , ,, , , , , ,, ,
......#.* , * , ,, ,
....#.#** * ,, * ,
##......## * ,, *, *
.#...>..# *,, * * ,,
# ##..Y._..#
#.##.#Yl....# * *
,**#.....YYY...#.#*,
, ,,,
.F....Y@Y.PP... , ,
......lS....... ,
,............... ,,,
............... ,, *
, ............... ,
,,, ........P.P....*
,, * ,
........####..., *
........#, ... , ,
,......... ,* .. , ,


You could see a komodo dragon, a black mamba, a basilisk, a blink frog and 7
dream sheep.

Vanquished Creatures
  4 hydras
  Harold (D:8)
  3 death yaks (D:9)
  The ghost of DrkOrigin the Carver, a novice MiBe of Trog (D:7)
  Sonja (Lair:4)
  11 elephants (Lair:4)
  5 black mambas
  Joseph (D:8)
  7 spiny frogs
  3 komodo dragons
  A merfolk (Lair:3)
  A queen bee (Lair:1)
  A troll (D:9)
  10 blink frogs
  5 hippogriffs
  5 dream sheep
  Sigmund (D:3)
  A wraith (D:9)
  25 yaks
  Grum (Lair:1)
  2 basilisks
  9 nagas (Lair:2)
  7 water moccasins
  6 porcupines
  3 sky beasts
  A black bear (D:9)
  2 ice beasts (D:7)
  4 orc warriors
  6 phantoms
  2 wolves (Lair:1)
  2 ogres
  11 crocodiles
  4 centaurs
  16 bullfrogs
  A wyvern zombie (D:6)
  A scorpion (D:4)
  A water moccasin skeleton (D:9)
  3 wights (D:6)
  29 killer bees
  9 electric eels (D:7)
  4 crimson imps
  4 howler monkeys
  4 hounds
  3 jellies
  9 orc priests
  6 orc wizards
  A bullfrog skeleton (D:9)
  4 iguanas
  4 worker ants
  A hound zombie (D:6)
  15 adders
  3 gnolls (D:5)
  2 howler monkey skeletons (D:9)
  2 shadow imps
  2 adder skeletons
  A worm (D:6)
  2 dart slugs (D:2)
  6 leopard geckos
  45 orcs
  7 bats
  5 giant cockroaches
  5 goblins
  4 hobgoblins
  4 jackals
  2 quokkas
  3 ball pythons
  5 frilled lizards
  7 kobolds
  4 rats
371 creatures vanquished.

Vanquished Creatures (others)
  A fire vortex (Lair:2)
  5 fungi
  7 plants
13 creatures vanquished.

Grand Total: 384 creatures vanquished

Notes
Turn   | Place    | Note
-------+----------+-------------------------------------------
     0 | D:1      | poirepourri the Deep Dwarf Fighter began the quest for the Orb.
     0 | D:1      | Reached XP level 1. HP: 20/20 MP: 1/1
     7 | D:1      | Noticed a minotaur skeleton
    13 | D:1      | Noticed a minotaur skeleton
   240 | D:1      | Found a shimmering altar of Xom.
   487 | D:1      | Reached XP level 2. HP: 27/27 MP: 2/2
  1099 | D:2      | Reached XP level 3. HP: 26/33 MP: 3/3
  1808 | D:3      | Reached XP level 4. HP: 25/40 MP: 4/4
  1812 | D:3      | Reached skill level 5 in Axes
  1868 | D:3      | Reached XP level 5. HP: 19/46 MP: 5/5
  2114 | D:3      | Found a faded altar of an unknown god.
  2194 | D:3      | Noticed Sigmund
  2214 | D:3      | Killed Sigmund
  2214 | D:3      | Reached XP level 6. HP: 40/55 MP: 6/6
  2520 | D:4      | Reached XP level 7. HP: 41/61 MP: 7/7
  2765 | D:4      | Reached skill level 10 in Axes
  2959 | D:5      | Entered Level 5 of the Dungeon
  2962 | D:5      | Reached XP level 8. HP: 37/68 MP: 7/7
  3188 | D:5      | Found a sacrificial altar of Ru.
  3431 | D:5      | Reached skill level 5 in Fighting
  3953 | D:6      | Found a radiant altar of Vehumet.
  3994 | D:6      | Got a crystal mace
  3997 | D:6      | Identified the +11 mace of the Several Runes {freeze, rF+} (You found it on level 6 of the Dungeon)
  4077 | D:6      | Gained mutation: You passively map the area around you. [Deep Dwarf growth]
  4077 | D:6      | Reached XP level 9. HP: 35/86 MP: 8/8
  4104 | D:6      | Reached skill level 1 in Maces & Flails
  4895 | D:7      | HP: 3/86 [electric eel/bolt of electricity (16)]
  4980 | D:7      | Reached skill level 5 in Maces & Flails
  5082 | D:7      | Found a stormy altar of Qazlal.
  5333 | D:7      | Found a staircase to the Ecumenical Temple.
  5343 | Temple   | Entered the Ecumenical Temple
  5476 | Temple   | Became a worshipper of Makhleb the Destroyer
  5642 | D:7      | Found a runed gate.
  5643 | D:7      | Found a runed gate.
  5644 | D:7      | Noticed DrkOrigin's ghost (novice MiBe)
  5644 | D:7      | Found a runed gate.
  5658 | D:7      | Found a roughly hewn altar of Beogh.
  5682 | D:7      | Killed DrkOrigin's ghost
  5682 | D:7      | Reached XP level 10. HP: 50/94 MP: 7/7
  5966 | D:8      | Found a shattered altar of Ashenzari.
  5968 | D:8      | Found a glowing silver altar of Zin.
  5970 | D:8      | Noticed Harold
  5988 | D:8      | Killed Harold
  5988 | D:8      | Reached skill level 5 in Shields
  6151 | D:8      | Found a white marble altar of Elyvilon.
  6204 | D:8      | Found Deanaesui's Jewellery Emporium.
  6209 | D:8      | Bought a +3 ring of strength for 219 gold pieces
  6267 | D:8      | Reached skill level 6 in Shields
  6535 | D:8      | Found an ornate altar of the Wu Jian Council.
  6541 | D:8      | Found an iron altar of Okawaru.
  6543 | D:8      | Found an opulent altar of Gozag.
  6569 | D:8      | Noticed Joseph
  6583 | D:8      | Killed Joseph
  6734 | D:7      | Got a translucent chain mail
  6735 | D:7      | Got a scorched battleaxe {venom}
  6746 | D:7      | Identified the +2 chain mail of the Blind Marksman {-Cast Regen+ Int-4 Dex+8} (You took it off an orc warrior on level 7 of the Dungeon)
  6812 | D:9      | Reached skill level 7 in Shields
  6821 | D:9      | Noticed a death yak
  6823 | D:9      | Noticed a death yak
  6824 | D:9      | Noticed a death yak
  6825 | D:9      | Found a staircase to the Lair.
  6985 | D:9      | Reached skill level 8 in Shields
  7047 | D:9      | Reached * piety under Makhleb
  7100 | D:9      | Got an ichor-stained large shield
  7133 | D:9      | Killed a death yak
  7133 | D:9      | Reached skill level 9 in Shields
  7147 | D:9      | Killed a death yak
  7147 | D:9      | Reached skill level 10 in Shields
  7147 | D:9      | Reached XP level 11. HP: 8/100 MP: 6/6
  7152 | D:9      | HP: 1/100 [death yak (21)]
  7153 | D:9      | Killed a death yak
  7594 | D:9      | Found a blossoming altar of Fedhas.
  7816 | Lair:1   | Entered Level 1 of the Lair of Beasts
  7816 | Lair:1   | Noticed a six-headed hydra
  7825 | Lair:1   | Killed a six-headed hydra
  7825 | Lair:1   | Reached skill level 11 in Shields
  7878 | Lair:1   | Reached skill level 12 in Shields
  7905 | Lair:1   | Noticed Grum
  7920 | Lair:1   | Killed Grum
  8034 | Lair:1   | Reached ** piety under Makhleb
  8164 | Lair:1   | Reached skill level 13 in Shields
  8719 | Lair:1   | Noticed an eight-headed hydra
  8727 | Lair:1   | Killed an eight-headed hydra
  8727 | Lair:1   | Reached skill level 14 in Shields
  8727 | Lair:1   | Reached XP level 12. HP: 68/109 MP: 7/7
  9007 | Lair:2   | Reached *** piety under Makhleb
  9090 | Lair:2   | Found an ancient bone altar of Kikubaaqudgha.
  9491 | Lair:2   | Found a staircase to the Snake Pit.
  9756 | Lair:3   | Reached skill level 15 in Shields
  9824 | Lair:3   | Reached skill level 1 in Dodging
 10281 | Lair:3   | Found a staircase to the Shoals.
 10405 | Lair:3   | Got an ancient chain mail
 10472 | Lair:4   | Reached skill level 5 in Dodging
 10661 | Lair:4   | Reached **** piety under Makhleb
 10667 | Lair:4   | Noticed Sonja
 11035 | Lair:4   | Killed Sonja
 11035 | Lair:4   | Reached XP level 13. HP: 115/115 MP: 8/8
 11262 | Lair:5   | Reached skill level 10 in Dodging
 11884 | Lair:6   | Entered Level 6 of the Lair of Beasts
 11884 | Lair:6   | Found a viscous altar of Jiyva.
 11884 | Lair:6   | Found a staircase to the Slime Pits.
 11898 | Lair:6   | Slain by a dream sheep

Skill      XL: |  1  2  3  4  5  6  7  8  9 10 11 12 13 |
---------------+----------------------------------------+-----
Axes           | 3 4 5 7 8 10 | 10.3
Fighting       | 7 |  7.3
Maces & Flails | 8 9 |  9.0
Shields        | 10 14 15 | 15.1
Dodging        | 9 11 | 11.5
Armour         | |  3.5

Action                   |  1- 3 |  4- 6 |  7- 9 | 10-12 | 13-15 || total
-------------------------+-------+-------+-------+-------+-------++-------
Melee: War axe           |   122 |     7 |       |       |       ||   129
       Hand axe          |       |   114 |   279 |       |       ||   393
       Mace              |       |       |   171 |   690 |   115 ||   976
 Abil: Heal Wounds       |       |     1 |    20 |    13 |     3 ||    37
Evoke: Wand              |       |       |       |    10 |       ||    10
       Sack of spiders   |       |       |       |     1 |       ||     1
  Use: Scroll            |     6 |     1 |     5 |     7 |       ||    19
       Potion            |       |     2 |     4 |     2 |     3 ||    11
  Eat: Ration            |     1 |     1 |     4 |     4 |     1 ||    11
       Chunk             |       |       |       |     2 |       ||     2
Armor: Scale mail        |    44 |    46 |   102 |    10 |       ||   202
       Chain mail        |       |       |       |   271 |    63 ||   334
Dodge: Dodged            |    41 |    33 |    73 |   236 |    68 ||   451
Block: Shield            |    66 |    57 |   153 |   552 |   115 ||   943
